 Dungeon Crawl Stone Soup version 0.30-a0-297-g0ec75d9ef4 (webtiles) character file.

Game seed: 12953941804278248466

1612 Gwg the Cleaver (level 9, -4/75 HPs)
             Began as a Meteoran Fighter on Oct 18, 2022.
             Was a Priest of Elyvilon.
             Slain by a warg (8 damage)
             ... on level 9 of the Dungeon.
             The game lasted 00:17:58 (1866 turns).

Gwg the Cleaver (Meteoran Fighter)                  Turns: 1866, Time: 00:18:00

Health: -4/75      AC: 10    Str: 21    XL:     9   Next: 39%
Magic:  8/10       EV:  8    Int:  9    God:    Elyvilon [***...]
Gold:   164        SH:  5    Dex: 14    Spells: 8/8 levels left

rFire   . . .      SeeInvis .    a - +1 war axe
rCold   . . .      Faith    .    c - +0 buckler
rNeg    . . .      Spirit   .    j - +0 chain mail
rPois   +          Reflect  .    (helmet restricted)
rElec   .          Harm     .    (no cloak)
rCorr   .          Rampage  .    (no gloves)
Will    ++...                    (no boots)
Stlth   ..........               s - amulet "Urizar" {Acrobat Fragile rPois Will+}
HPRegen 0.32/turn                (no ring)
MPRegen 0.12/turn                (no ring)

@: glowing
A: sense surroundings 2, otherworldly, glowing, explore regen, horns 1, talons
1, weak 1
a: Renounce Religion, Purification, Heal Other, Heal Self


You were on level 9 of the Dungeon.
You worshipped Elyvilon.
Elyvilon was most pleased with you.
You visited 2 branches of the dungeon, and saw 10 of its levels.

You collected 164 gold pieces.

Inventory:

Hand Weapons
 a - a +1 war axe (weapon)
 q - a +0 morningstar
Missiles
 r - 10 poisoned darts (quivered)
Armour
 c - a +0 buckler (worn)
 f - a +2 helmet
 j - a +0 chain mail (worn)
Jewellery
 p - a ring of ice
 s - the amulet "Urizar" (around neck) {Acrobat Fragile rPois Will+}
   (You found it on level 5 of the Dungeon)

   [amulet of the acrobat]

   It increases your evasion while moving and waiting.
   rPois:     It protects you from poison.
   Fragile:   It will be destroyed if unequipped.
   Will:      It increases your willpower.
Wands
 d - a wand of flame (21)
 v - a wand of digging (7)
Scrolls
 g - a scroll of vulnerability {unknown}
 h - a scroll of enchant weapon
 n - a scroll of brand weapon {unknown}
 t - a scroll of identify
Potions
 b - 3 potions of curing
 k - a potion of heal wounds
 o - a potion of cancellation
 u - a potion of flight {unknown}


   Skills:
 + Level 6.1 Fighting
 + Level 8.7 Axes
 + Level 7.3 Armour
 + Level 2.3 Dodging
 + Level 5.8 Shields
 * Level 1.2 Invocations


You had 8 spell levels left.
You didn't know any spells.
Your spell library contained the following spells:

 Spells                   Type           Power      Damage    Failure   Level
 Apportation              Tloc           0%         N/A       99%         1
 Beastly Appendage        Tmut           0%         N/A       99%         1
 Necrotise                Necr           0%         1d4       99%         1
 Summon Small Mammal      Summ           0%         N/A       99%         1
 Ensorcelled Hibernation  Hex/Ice        0%         N/A       99%         2
 Passwall                 Tmut/Erth      0%         N/A       99%         2
 Wereblood                Tmut           0%         N/A       99%         2
 Spider Form              Tmut/Pois      0%         N/A       100%        3
 Swiftness                Air            0%         N/A       100%        3
 Passage of Golubria      Tloc           0%         N/A       100%        4
 Silence                  Hex/Air        0%         N/A       100%        5
 Lehudib's Crystal Spear  Conj/Erth      0%         10d2      100%        8


Dungeon Overview and Level Annotations

Branches:
Dungeon (9/15) Zot: 3465   Temple (0/1) D:6             Orc (1/2) D:9 Zot: 585
   Lair: D:8-11

Altars:
Elyvilon

Shops:
D:6 :

Annotations:
D:5 Blork the orc
D:6 1 runed translucent door, Tewichka's ghost, novice MiGl


Innate Abilities, Weirdness & Mutations

You passively map the area around you.
You are easily found by Zot.
You glow in the dark.
You regain HP and MP as you explore.
You have a pair of small horns on your head.
You have sharp toenails.
You are weak. (Str -2)


Message History

The warg is almost dead.
You closely miss something. The warg bites you but does no damage.
Something hits you but does no damage.
The kobold brigand throws a poisoned dart.
The poisoned dart hits you!
You are poisoned.
You feel purified! The warg bites you but does no damage.
The kobold brigand throws a poisoned dart.
You block the poisoned dart. Something hits you.
* * * LOW HITPOINT WARNING * * *
The warg bites you!
* * * LOW HITPOINT WARNING * * *
Unknown command.
You barely miss the warg. Your kick misses the warg.
Your headbutt misses the warg.
The warg is severely wounded.
You slash something!
Reactivating autopickup.
You feel a bit more experienced. The warg bites you but does no damage.
You closely miss the warg. Your kick misses the warg.
The warg is severely wounded.
You closely miss the kobold brigand. The warg bites you.
* * * LOW HITPOINT WARNING * * *
The kobold brigand hits you but does no damage.
You hit the warg but do no damage. Your kick misses the warg.
The warg is severely wounded.
You barely miss the kobold brigand. The warg closely misses you.
The kobold brigand closely misses you. The warg bites you but does no damage.
You hit the warg. Your kick misses the warg.
The warg is almost dead.
You slash the kobold brigand!
The kobold brigand hits you but does no damage.
The warg barely misses you.
You closely miss the warg. Your kick misses the warg.
The warg is almost dead.
You hit the kobold brigand but do no damage.
The warg bites you but does no damage.
The kobold brigand hits you but does no damage.
The warg bites you!
You die...

,* #..... ,,
* , ##...#
########....#
#...........#
* *##
#.(........##
, ..
#......##...#
,.. ,
##.....###..#
.#* ###..##
#Th##..# ,**
###### ##.#
##K@)..# * ,*
.....## #.#
#.)...# *
###K..# #.#
##..### , * #
##..# #h#
#### ##
##.###.# .##
##...K# * *
..# ##>.## *
* ..# #### *,
* ,,* ..# *
,, , *


You could see a troll, a warg and a kobold brigand.

Vanquished Creatures
  A wyvern (D:6)
  4 water moccasins
  A sky beast (D:6)
  A black bear (D:4)
  2 ice beasts (D:6)
  A phantom (D:4)
  A necrophage (D:7)
  A bullfrog (D:6)
  2 scorpions
  2 jellies
  2 hounds (D:5)
  An orc priest (D:6)
  3 orc wizards
  6 adders
  A shadow imp (D:6)
  An ufetubus (D:6)
  2 worms (D:3)
  2 dart slugs
  13 orcs
  4 ball pythons
  4 endoplasms
  3 giant cockroaches
  4 hobgoblins
  4 kobolds
  A bat (D:3)
  3 rats
70 creatures vanquished.

Vanquished Creatures (others)
  A goblin (D:1)
1 creature vanquished.

Grand Total: 71 creatures vanquished

Notes
Turn   | Place    | Note
-------+----------+-------------------------------------------
     0 | D:1      | Gwg the Meteoran Fighter began the quest for the Orb.
     0 | D:1      | Reached XP level 1. HP: 19/19 MP: 2/2
   102 | D:2      | Reached XP level 2. HP: 26/26 MP: 3/3
   116 | D:2      | Found a white marble altar of Elyvilon.
   130 | D:2      | Became a worshipper of Elyvilon the Healer
   160 | D:1      | Found a faded altar of an unknown god.
   215 | D:2      | Reached XP level 3. HP: 30/31 MP: 4/4
   306 | D:3      | Reached skill level 3 in Axes
   362 | D:3      | Noticed a howler monkey
   410 | D:3      | Reached XP level 4. HP: 40/40 MP: 5/5
   436 | D:4      | Reached * piety under Elyvilon
   525 | D:4      | Noticed a phantom
   545 | D:4      | Killed a phantom
   546 | D:4      | Reached skill level 4 in Axes
   546 | D:4      | Reached XP level 5. HP: 35/46 MP: 6/6
   623 | D:4      | Reached XP level 6. HP: 51/52 MP: 7/7
   630 | D:4      | Reached skill level 5 in Axes
   689 | D:4      | Reached ** piety under Elyvilon
   695 | D:5      | Entered Level 5 of the Dungeon
   695 | D:5      | Noticed a black bear
   703 | D:4      | Killed a black bear
   704 | D:4      | Reached skill level 6 in Axes
   704 | D:4      | Reached XP level 7. HP: 52/59 MP: 8/8
   744 | D:5      | Noticed a water moccasin
   757 | D:5      | Killed a water moccasin
   758 | D:5      | Reached skill level 5 in Armour
   758 | D:5      | Reached skill level 1 in Dodging
   776 | D:5      | Noticed a water moccasin
   796 | D:5      | Killed a water moccasin
   797 | D:5      | Reached skill level 7 in Axes
   804 | D:5      | Identified the amulet "Urizar" {Acrobat Fragile rPois
                  | Will+}
   903 | D:5      | Reached XP level 8. HP: 62/67 MP: 9/9
   974 | D:5      | Reached skill level 5 in Fighting
   988 | D:5      | Noticed Blork the orc
  1020 | D:6      | Reached skill level 5 in Shields
  1186 | D:6      | Found a staircase to the Ecumenical Temple.
  1219 | D:6      | Found a runed translucent door.
  1219 | D:6      | Noticed Tewichka's ghost (novice MiGl)
  1300 | D:6      | Reached *** piety under Elyvilon
  1311 | D:6      | Reached skill level 8 in Axes
  1324 | D:6      | Gained mutation: You passively map the area around you.
                  | [Meteoran growth]
  1324 | D:6      | Reached XP level 9. HP: 38/73 MP: 10/10
  1380 | D:6      | Found Bebiq's Tremendous Tomes.
  1674 | D:7      | Noticed a wizard
  1674 | D:7      | Noticed a wizard
  1729 | D:8      | Noticed a two-headed ogre
  1810 | D:9      | Found a staircase to the Orcish Mines.
  1820 | Orc:1    | Entered Level 1 of the Orcish Mines
  1820 | Orc:1    | Reached **** piety under Elyvilon
  1826 | Orc:1    | Noticed a cyclops
  1826 | Orc:1    | Noticed a troll
  1837 | D:9      | Gained mutation: You have sharp toenails. [potion of
                  | mutation]
  1837 | D:9      | Gained mutation: You are weak. (Str -2) [potion of
                  | mutation]
  1837 | D:9      | Gained mutation: You have a pair of small horns on your
                  | head. [potion of mutation]
  1838 | D:9      | Elyvilon protects you from harm!
  1858 | D:9      | Reached skill level 1 in Invocations
  1863 | D:9      | HP: 3/75 [warg (3)]
  1866 | D:9      | Slain by a warg

Illustrated notes

Levels and vault maps discovered:
D:1:      shiori_arrival_maze, layout_rooms,
          shapermc_ecumenical_altar_starsandcircs, minmay_heptomino_d4
D:2:      layout_loops_ring, basic_altar
D:3:      layout_rooms, uniq_crazy_yiuf_cottage, uniq_natasha
D:4:      layout_gridville
D:5:      layout_gridville, uniq_blork_the_orc
D:6:      layout_gridville, minmay_temple_entry_junction,
          hellmonk_ghost_happy_afterlife, nicolae_shop_i_like_big_books
D:7:      cheibrodos_wizards_tower, layout_basic, grunt_qazlal_clouds,
          gammafunk_ghost_berserking_beasts, chequers_serial_rivers_micro_d
D:8:      layout_basic, zin_statuary
D:9:      layout_layer_cave, orc_0_dummy, minmay_quadrilaterals, uniq_erolcha
Orc:1:    minmay_goldmine, layout_diamond_mine, serial_shops,
          nicolae_shop_trees, basic_altar

Skill      XL: |  1  2  3  4  5  6  7  8  9 |
---------------+----------------------------+-----
Armour         | 4 5 6 7 |  7.3
Axes           | 3 4 6 7 8 |  8.7
Shields        | 4 5 |  5.8
Fighting       | 4 5 6 |  6.1
Dodging        | 1 2 |  2.3
Invocations    | 1 |  1.2

Action                   |  1- 3 |  4- 6 |  7- 9 || total
-------------------------+-------+-------+-------++-------
Melee: War axe           |    70 |    55 |   229 ||   354
       Kick              |       |       |     2 ||     2
       Headbutt          |       |       |     2 ||     2
Invok: Purification      |       |       |     2 ||     2
  Use: Potion            |       |       |     5 ||     5
       Scroll            |       |       |     6 ||     6
Armor: Scale mail        |    15 |       |       ||    15
       Chain mail        |    24 |    35 |   170 ||   229
Dodge: Dodged            |    18 |    21 |   104 ||   143
Block: Buckler           |    19 |    15 |    74 ||   108

Table legend: (Time is in decaauts)
 A = Elapsed time spent in this place.
 B = Non-inter-level travel time spent in this place.
 C = Inter-level travel time spent in this place.
 D = Time resting spent in this place.
 E = Time spent auto-exploring this place.
 F = Levels seen in this place.
 G = Mean time per level.
                   A        B        C        D        E       F      G
               +--------+--------+--------+--------+--------+-----+--------+
         Total |   1948 |   1940 |      8 |    125 |      0 |  10 |  194.8 |
       Dungeon |   1934 |   1926 |      8 |    125 |      0 |   9 |  214.9 |
  Orcish Mines |     14 |     14 |      0 |      0 |      0 |   1 |   14.0 |
               +--------+--------+--------+--------+--------+-----+--------+

Top non-repeatable levels by time:
     D:6: 639 daAuts
     D:5: 311 daAuts
     D:4: 303 daAuts
     D:2: 227 daAuts
     D:3: 166 daAuts
     D:8: 104 daAuts
     D:9: 69 daAuts
     D:7: 56 daAuts
     D:1: 54 daAuts
   Orc:1: 14 daAuts
